 Dungeon Crawl Stone Soup version 0.28.0-53-g5a82cb258f (webtiles) character file.

Game seed: 5972971746898706677

1629 zedzed the Spear-Bearer (level 8, -1/88 HPs)
             Began as an Ogre Berserker on July 28, 2022.
             Was a Follower of Trog.
             Slain by Pikel
             ... wielding a +0 whip of freezing
              (3 damage)
             ... on level 5 of the Dungeon.
             The game lasted 00:23:22 (6162 turns).

zedzed the Spear-Bearer (Ogre Berserker)            Turns: 6162, Time: 00:23:23

Health: -1/88      AC:  7    Str: 22    XL:     8   Next: 97%
Magic:  8/8        EV: 10    Int: 10    God:    Trog [*.....]
Gold:   188        SH:  0    Dex:  8    Spells: 7/7 levels left

rFire   . . .      SeeInvis .   f - +3 scythe
rCold   . . .      Faith    .   (shield currently unavailable)
rNeg    + . .      Spirit   .   g - +2 robe
rPois   .          Reflect  .   (helmet restricted)
rElec   .          Harm     .   u - +1 cloak
rCorr   .          Rampage  .   (gloves unavailable)
Will    .....                   (boots unavailable)
Stlth   +.........              (no amulet)
HPRegen 0.24/turn               i - ring of positive energy
MPRegen 0.11/turn               (no ring)

@: mighty, on berserk cooldown, slowed, very slow
A: large, unfitting armour, tough skin 1
a: Renounce Religion, Berserk


You were on level 5 of the Dungeon.
You worshipped Trog.
Trog was aware of your devotion.
You visited 1 branch of the dungeon, and saw 6 of its levels.

You collected 188 gold pieces.

Inventory:

Hand Weapons
 a - a +0 hand axe
 f - a +3 scythe (weapon)
 s - a +1 rapier of electrocution
 v - a +4 scimitar of freezing
Missiles
 e - 82 arrows
 n - 102 stones (quivered)
Armour
 b - a +0 animal skin
 g - a +2 robe (worn)
 k - an orb of mayhem
 m - a +2 pair of gloves
 u - a +1 cloak (worn)
Magical Staves
 j - a staff of earth
Jewellery
 i - a ring of positive energy (left hand)
 l - an amulet of magic regeneration
Wands
 q - a wand of acid (8)
Scrolls
 c - a scroll of amnesia {unknown}
 h - 2 scrolls of vulnerability {unknown}
 o - a scroll of fear {unknown}
 p - a scroll of magic mapping {unknown}
 y - 2 scrolls of identify {unknown}
 z - a scroll of teleportation {unknown}
 A - a scroll of fog {unknown}
 B - a scroll of noise {unknown}
 D - a scroll of holy word {unknown}
Potions
 r - a potion of flight {unknown}
 t - a potion of attraction {unknown}
 w - 2 potions of lignification {unknown}
 x - a potion of resistance {unknown}
 C - a potion of cancellation {unknown}
 E - a potion of haste {unknown}


   Skills:
 + Level 8.2 Fighting
 - Level 5.2(7.5) Axes
 * Level 8.3(9.1) Polearms
 - Level 2.9 Dodging


You had 7 spell levels left.
You didn't know any spells.
Your spell library was empty.

Dungeon Overview and Level Annotations

Branches:
Dungeon (6/15)
 Temple: D:4-7

Altars:
Nemelex Xobeh
Ru
Trog
Xom
Zin

Shops:
D:4 (

Annotations:
D:5 Pikel


Innate Abilities, Weirdness & Mutations

You are too large for most types of armour.
You have tough skin. (AC +1)


Message History

Pikel freezes you.
You barely miss Pikel.
Pikel is lightly wounded.
Pikel closely misses you. Pikel barely misses you.
Pikel hits you with a +0 whip of freezing.
Pikel freezes you.
You hit Pikel.
Pikel is lightly wounded.
Pikel zaps a wand.
The puff of flame hits you!
Pikel hits you with a +0 whip of freezing.
Pikel freezes you.
You are too injured to fight recklessly!
You are too injured to fight recklessly!
You are too injured to fight recklessly!
You hit Pikel.
Pikel is moderately wounded.
Pikel closely misses you.
Pikel zaps a wand.
The puff of flame hits you.
You slash Pikel!
Pikel is heavily wounded.
Pikel misses you.
Pikel hits you with a +0 whip of freezing.
* * * LOW HITPOINT WARNING * * *
Pikel freezes you.
* * * LOW HITPOINT WARNING * * *
Pikel hits you with a +0 whip of freezing!
* * * LOW HITPOINT WARNING * * *
Pikel freezes you.
* * * LOW HITPOINT WARNING * * *
You slash Pikel!
Pikel is almost dead.
Pikel hits you with a +0 whip of freezing.
* * * LOW HITPOINT WARNING * * *
Pikel freezes you.
* * * LOW HITPOINT WARNING * * *
Pikel zaps a wand.
The puff of flame hits you!
* * * LOW HITPOINT WARNING * * *
It was a potion of might.
You feel very mighty all of a sudden.
Pikel hits you with a +0 whip of freezing.
You die...

#..........................
#.....................###..
#.................<..##...#
####...##...##.#...#>...###
#...##.#..#.#......###
#......##...>.....######
#...#####..#.#..........
#...# ###....#....###...
##### #@K.....######....
#######......#....
######...... ###.... #....
#.... ##... ##.. ###


You could see Pikel.

Vanquished Creatures
  Grinder (D:4)
  Sigmund (D:2)
  Eustachio (D:4)
  2 ice beasts
  A necrophage (D:5)
  An ogre (D:6)
  A phantom (D:4)
  4 lemures (D:5)
  2 scorpions (D:5)
  A water moccasin zombie (D:5)
  A water moccasin skeleton (D:6)
  3 wights (D:6)
  Crazy Yiuf (D:4)
  A centaur skeleton (D:6)
  Ijyb (D:4)
  2 iguanas (D:5)
  2 orc wizards (D:4)
  Terence (D:2)
  7 adders
  3 gnolls (D:2)
  A shadow imp (D:5)
  2 worms
  A dart slug (D:2)
  5 orcs
  4 ball pythons
  3 bats (D:1)
  4 endoplasms
  A giant cockroach (D:3)
  8 goblins
  10 hobgoblins
  5 jackals
  8 kobolds
  4 quokkas
  A frilled lizard (D:1)
  2 rats (D:1)
96 creatures vanquished.

Notes
Turn   | Place    | Note
-------+----------+-------------------------------------------
     0 | D:1      | zedzed the Ogre Berserker began the quest for the Orb.
     0 | D:1      | Reached XP level 1. HP: 24/24 MP: 1/1
    85 | D:1      | Reached XP level 2. HP: 23/32 MP: 2/2
   181 | D:1      | Noticed a golden eye
   183 | D:1      | Found a faded altar of an unknown god.
   607 | D:1      | Reached ** piety under Trog
   608 | D:1      | Reached XP level 3. HP: 36/40 MP: 3/3
   813 | D:1      | Noticed a golden eye
   826 | D:1      | Noticed a golden eye
   998 | D:1      | Noticed a floating eye
  1260 | D:2      | Noticed Sigmund
  1276 | D:2      | Killed Sigmund
  1277 | D:2      | Reached skill level 5 in Fighting
  1277 | D:2      | Reached skill level 5 in Axes
  1277 | D:2      | Reached XP level 4. HP: 52/52 MP: 4/4
  1277 | D:2      | Reached XP level 5. HP: 59/59 MP: 5/5
  1396 | D:2      | Reached XP level 6. HP: 47/67 MP: 6/6
  1498 | D:2      | Reached skill level 1 in Polearms
  1582 | D:2      | Noticed Terence
  1602 | D:2      | Killed Terence
  2752 | D:3      | Found a shimmering altar of Xom.
  2975 | D:4      | Noticed Ijyb
  2989 | D:4      | Killed Ijyb
  3259 | D:4      | Noticed Eustachio
  3271 | D:4      | Killed Eustachio
  3272 | D:4      | Reached XP level 7. HP: 49/78 MP: 7/7
  3389 | D:4      | Found a runed translucent door.
  3390 | D:4      | Noticed Crazy Yiuf
  3530 | D:4      | Killed Crazy Yiuf
  3823 | D:4      | You fall into a shaft and drop 2 floors!
  4084 | D:6      | Reached skill level 5 in Polearms
  4084 | D:6      | Reached XP level 8. HP: 77/88 MP: 8/8
  4144 | D:5      | Entered Level 5 of the Dungeon
  4511 | D:4      | Found Tyroogu's Firing Range.
  4649 | D:5      | Noticed Grinder
  4860 | D:4      | Killed Grinder
  5042 | D:5      | Found a glowing silver altar of Zin.
  5525 | D:5      | Found a bloodstained altar of Trog.
  5573 | D:5      | Found a sacrificial altar of Ru.
  5574 | D:5      | Found a sparkling altar of Nemelex Xobeh.
  5659 | D:6      | Noticed Pikel
  6161 | D:5      | HP: 2/88 [Pikel/puff of flame (10)]
  6162 | D:5      | Slain by Pikel

Illustrated notes

Levels and vault maps discovered:
D:1:      pf_arrival_petrified_forest, layout_loops_cross,
          hellmonk_ecumenical_altar_watching_god, kennysheep_nondescript
D:2:      layout_rooms, uniq_sigmund, uniq_terence
D:3:      layout_loops_corners, xom_butterflies
D:4:      layout_basic, chequers_serial_rivers_small_a,
          minmay_misc_feat_columns, nicolae_shop_firing_range,
          uniq_crazy_yiuf_cottage, uniq_ijyb, uniq_eustachio
D:5:      layout_rooms, trog_three_pillars_becter,
          gammafunk_temple_overflow_pools, mainiacjoe_overflow_tiny_flanked,
          minivault_23, uniq_grinder
D:6:      layout_cave_pools, uniq_pikel

Skill      XL: |  1  2  3  4  5  6  7  8 |
---------------+-------------------------+-----
Axes           | 5 |  5.2
Fighting       | 5 7 8 |  8.2
Polearms       | 3 5 8 |  8.3
Dodging        | |  2.9

Action                   |  1- 3 |  4- 6 |  7- 9 || total
-------------------------+-------+-------+-------++-------
Melee: Hand axe          |   124 |     2 |       ||   126
       Punch             |     1 |       |       ||     1
       Scythe            |       |    93 |   158 ||   251
Throw: Stone             |       |       |     1 ||     1
Invok: Berserk           |     1 |     3 |     6 ||    10
       Trog's Hand       |     1 |     2 |     4 ||     7
  Use: Potion            |       |       |     1 ||     1
Armor: Animal skin       |    24 |       |       ||    24
       Robe              |       |    25 |    68 ||    93
Dodge: Dodged            |    60 |    55 |   117 ||   232
